 Dungeon Sprint DCSS version 0.29.0-13-gc9e81de378 (webtiles) character file.

Game seed: 1550775458410926604

455 Gataka the Fighter (level 7, -10/70 HPs)
             Began as a Hill Orc Fighter on Sept 9, 2022.
             Mangled by a sixfirhy (11 damage)
             ... summoned by a kobold demonologist
             ... while paralysed by a floating eye
             ... in the Dungeon (Sprint I: "Red Sonja").
             The game lasted 00:09:07 (675 turns).

Gataka the Fighter (Hill Orc Fighter)                Turns: 675, Time: 00:09:07

Health: -10/70     AC:  8    Str: 19    XL:     7   Next: 5%
Magic:  7/7        EV:  2    Int:  8    God:
Gold:   270        SH:  0    Dex: 12    Spells: 6/6 levels left

rFire   . . .      SeeInvis .   a - +0 war axe
rCold   . . .      Faith    .   c - +0 buckler
rNeg    . . .      Spirit   .   b - +0 scale mail
rPois   .          Reflect  .   (no helmet)
rElec   .          Harm     .   (no cloak)
rCorr   .          Rampage  .   (no gloves)
Will    .....      NoTele   +   (no boots)
Stlth   ..........              (no amulet)
HPRegen 0.21/turn               (no ring)
MPRegen 0.10/turn               (no ring)

@: paralysed
A: no striking features
a: no special abilities


You were in the Dungeon.
You visited 1 branch You collected 270 gold pieces.

Inventory:

Hand Weapons
 a - a +0 war axe (weapon)
 d - a +0 giant club
 k - a +0 club
 m - a +0 scythe
Armour
 b - a +0 scale mail (worn)
 c - a +0 buckler (worn)
 l - a +0 leather armour
 n - a +0 robe
Wands
 f - a wand of polymorph (2)
Potions
 g - a potion of haste
 h - 2 potions of magic
 j - 2 potions of attraction {unknown}


   Skills:
 + Level 9.4 Fighting
 + Level 9.0 Axes
 + Level 8.7 Armour
 + Level 2.0 Dodging
 + Level 8.3 Shields
 + Level 2.9 Unarmed Combat


You had 6 spell levels left.
You didn't know any spells.
Your spell library was empty.

Dungeon Overview and Level Annotations

Branches:
Dungeon (1/1)

Altars:
Makhleb
Xom
Jiyva
Lugonu


Message History

The floating eye's view fixates on you.
The ynoxinul gestures.
The hellwing hits you. x2; The crimson imp blinks!
You can move again.
The floating eye gazes piercingly through you!
You shrug off the repeated paralysis!
The soul eater draws from the surrounding life force!
The crimson imp blinks!
There is an open door, spattered with blood here.
You barely miss the crimson imp. You slash the floating eye!
You hit the hellwing. The floating eye's view fixates on you.
The hellwing hits you!
* * * LOW HITPOINT WARNING * * *
The hellwing barely misses you. You block the crimson imp's attack.
You slash the crimson imp!
The crimson imp is severely wounded.
You hit the floating eye. You hit the hellwing but do no damage.
The hellwing hits you!
* * * LOW HITPOINT WARNING * * *
The hellwing hits you.
* * * LOW HITPOINT WARNING * * *
The crimson imp hits you but does no damage.
You hit the crimson imp.
The crimson imp is severely wounded.
You hit the kobold demonologist. You hit the floating eye.
You hit the hellwing but do no damage.
The floating eye gazes piercingly through you!
You suddenly lose the ability to move!
The kobold demonologist mumbles some strange words.
The hellwing barely misses you. The hellwing hits you.
* * * LOW HITPOINT WARNING * * *
The crimson imp hits you but does no damage.
The kobold demonologist gestures wildly while chanting.
The kobold demonologist hits you but does no damage.
The crimson imp hits you but does no damage.
The sixfirhy hits you.
* * * LOW HITPOINT WARNING * * *
The sixfirhy shocks you!
You die...

##########################
#<.#..'..#..'..#K_#5555..#
#..÷..#..'..#.5@G443K#...#
#..#####'#####+#33#### ..+
#..# #..# #### ## #..#
#### #..# #⌠⌠# ####


You could see a soul eater (summoned), a hellwing (summoned), an ice devil
(summoned), 2 kobold demonologists, a sixfirhy (summoned), a ynoxinul
(summoned), a floating eye, an iron imp (summoned), a quasit (summoned), a
crimson imp (summoned), a white imp (summoned) and an ufetubus (summoned).

Vanquished Creatures
  A slime creature (D)
  Sigmund (D)
  An ogre (D)
  Ijyb (D)
4 creatures vanquished.

Notes
Turn   | Place    | Note
-------+----------+-------------------------------------------
     0 | D        | Gataka the Hill Orc Fighter began the quest for the Orb.
     0 | D        | Reached XP level 1. HP: 19/19 MP: 1/1
     2 | D        | Noticed Ijyb
    35 | D        | Killed Ijyb
    36 | D        | Reached skill level 5 in Fighting
    36 | D        | Reached skill level 1 in Unarmed Combat
    36 | D        | Reached XP level 2. HP: 14/29 MP: 2/2
    36 | D        | Reached XP level 3. HP: 17/36 MP: 3/3
    45 | D        | Noticed an ogre
    49 | D        | Killed an ogre
    50 | D        | Reached skill level 5 in Axes
    50 | D        | Reached XP level 4. HP: 24/45 MP: 4/4
   191 | D        | Noticed Sigmund
   210 | D        | Killed Sigmund
   211 | D        | Reached skill level 1 in Dodging
   211 | D        | Reached XP level 5. HP: 34/56 MP: 5/5
   211 | D        | Reached XP level 6. HP: 37/62 MP: 6/6
   357 | D        | Found a burning altar of Makhleb.
   357 | D        | Found a viscous altar of Jiyva.
   357 | D        | Found a shimmering altar of Xom.
   357 | D        | Found a corrupted altar of Lugonu.
   357 | D        | Noticed a slime creature
   377 | D        | Killed a slime creature
   378 | D        | Reached XP level 7. HP: 19/70 MP: 7/7
   656 | D        | Noticed a kobold demonologist
   656 | D        | Noticed a kobold demonologist
   659 | D        | Paralysed by a floating eye for 4 turns
   663 | D        | Noticed a ynoxinul
   663 | D        | Noticed a soul eater
   664 | D        | Noticed a hellwing
   665 | D        | Noticed a sixfirhy
   667 | D        | Paralysed by a floating eye for 3 turns
   673 | D        | Paralysed by a floating eye for 4 turns
   674 | D        | Noticed an ice devil
   675 | D        | HP: 1/70 [sixfirhy[a kobold demonologist] (6)]
   675 | D        | Mangled by a sixfirhy

Illustrated notes

Levels and vault maps discovered:
D:        dungeon_sprint_1 [red_sonja_temple_1, red_sonja_temple_small_1]

Skill      XL: |  1  2  3  4  5  6 |
---------------+-------------------+-----
Fighting       | 5 6 8 9 |  9.4
Axes           | 3 5 7 9 |  9.0
Armour         | 4 6 7 8 |  8.7
Shields        | 4 6 7 8 |  8.3
Unarmed Combat | 1 2 |  2.9
Dodging        | 1 2 |  2.0

Action                   |  1- 3 |  4- 6 |  7- 9 || total
-------------------------+-------+-------+-------++-------
Melee: Unarmed           |    24 |       |       ||    24
       War axe           |     7 |    26 |     6 ||    39
Evoke: Wand              |     1 |       |       ||     1
  Use: Potion            |     2 |     2 |       ||     4
       Scroll            |       |     1 |       ||     1
Armor: Skin              |     1 |       |       ||     1
       Scale mail        |       |     6 |    11 ||    17
Dodge: Dodged            |    18 |     8 |     3 ||    29
Block: Buckler           |     2 |     2 |     3 ||     7
